Minoru, lawful female human Samurai ###-- ------ |...#- |..|.--- ---..%.# ---......| |..)..-| |........| .- ---.---..-- |........| -.- ---|...| --..--- |........-- | ..--..|.--- --...---|.........- -. |....[.| --.....|-....---..| .^--.--.--- --.--.--....| --- -...||.- |--|.......-- --.----. --.---.......| -.J@| . |..<.........| -.--# .. |...%........| . -.. --..........-- - -.. -..........- .. ............| ... ................ -... --................| |... |.......|.---..--- --.. --.---.---- ..| --- -- --- --- Minoru the Kunoichi Experience level: 8 Strength: 15 Dexterity: 18 Constitution: 18 Intelligence: 9 Wisdom: 8 Charisma: 7 Health: 0(89) Energy: 35(35) Def: 9 Gold: 0 Moves: 4521 Dungeon seed: cqx9ptOoriDF6RZo Game ID: Minoru_1528036316 Your Inventory: Weapons a - an uncursed +0 katana (wielded in other hand) b - an uncursed +2 wakizashi c - an uncursed +1 yumi d - 48 uncursed +0 ya i - 3 uncursed +3 ya r - an uncursed corroded +0 arrow F - 38 uncursed +0 arrows (in quiver) Q - an uncursed +0 katana (weapon in hand) Armor e - an uncursed +0 pair of iron shoes n - an uncursed +0 pair of iron shoes (being worn) B - an uncursed +0 cloak of displacement (being worn) N - an uncursed +0 elven mithril-coat (being worn) Y - an uncursed +0 orcish helm (being worn) Comestibles A - an uncursed sprig of wolfsbane C - 2 uncursed gunyoki I - an uncursed fortune cookie Scrolls E - an uncursed scroll of blank paper Rings w - an uncursed +1 ring of gain strength (on left hand) P - a cursed ring of polymorph Wands f - an uncursed wand of probing (0:3) h - an uncursed wand of opening (0:3) k - an uncursed wand of enlightenment (0:14) G - an uncursed wand of magic missile (0:2) J - an uncursed wand of nothing (0:5) M - an uncursed wand of create monster (0:5) Tools t - an uncursed sack named ordinary y - an uncursed towel H - an uncursed oil lamp (0:971) S - an uncursed osaku Gems q - an uncursed touchstone named touchstone Contents of the sack named ordinary: 263 gold pieces 2 uncursed gunyoki an uncursed scroll of consecration an uncursed scroll of create monster an uncursed scroll of destroy armor 2 uncursed scrolls of enchant armor an uncursed scroll of light an uncursed scroll of remove curse an uncursed scroll of teleportation a blessed potion of enlightenment an uncursed potion of extra healing an uncursed potion of gain ability an uncursed potion of gain level an uncursed potion of hallucination an uncursed potion of levitation 2 uncursed potions of restore ability 2 uncursed tallow candles [0:200] an uncursed amethyst an uncursed jade an uncursed topaz Spells and supernatural/magical abilities: Name Level Category Fail Memory l - light 1 divination 100% 90% W - pray for help -- divine ? -- Your skills at the end: Miscellaneous Skills martial arts [Basic] two weapon combat [Basic] wands [Basic] Weapon Skills short sword [Basic] long sword [Expert] bow [Basic] shuriken [Basic] Spellcasting Skills Final Attributes: You were fervently aligned. You were fire resistant. You were poison resistant. Your writing hand was cramped from overuse. You were telepathic. You were displaced. You were fast. You were wielding two weapons at once. You are dead. Vanquished creatures: an orange dragon 2 large mimics an air elemental 2 small mimics a pyrolisk a large dog an elf mummy 3 giant beetles a lynx a leprechaun a quivering blob a spotted jelly a scorpion a gnome king an owlbear a dust vortex 2 ravens a gnome mummy a Woodland-elf 3 soldier ants a pony 3 fog clouds 8 gnome lords 5 gnomish wizards 2 red naga hatchlings a black naga hatchling 2 golden naga hatchlings a gray ooze 3 elf zombies a paper golem a giant ant a puppy 2 floating eyes 3 kittens 3 dwarves 3 hill orcs 2 rothes 2 giant bats a gas spore a hobbit an acid blob a gecko a hobgoblin a cave spider 3 brown molds a green mold a red mold 31 gnomes 5 garter snakes a gnome zombie 8 jackals 4 newts a goblin 3 grid bugs 3 bats 5 lichens 143 creatures vanquished. Voluntary challenges: You did not cause conflict. You were not invisible. You did not have reflection. You used a wielded weapon 261 times, starting on turn 84. You did not apply a unicorn horn. You did not use plumbed fixtures. You did not drink any magical draughts. You read items or engraved 7 times, starting on turn 486. You never genocided any monsters. You never polymorphed an object. You never changed form. You used no wishes. You never split a pudding. You never wrote Elbereth's name. You never violatedbushido. Dungeon overview: The Dungeons of Doom: levels 1 to 6 Level 1 a fountain a long staircase Level 2 Level 3 an altar to Susanowo, a fountain Level 4 an altar to Raijin stairs to The Gnomish Mines Level 5 a fountain Level 6 The Gnomish Mines: levels 5 to 10 Level 5 stairs to The Dungeons of Doom Level 6 Level 7 many shops, a temple to Amaterasu Omikami, a magic chest, some fountains Level 8 Level 9 Level 10 <- You were here History has recorded: On T:1 you entered the Dungeons of Doom to retrieve the Amulet of Yendor! On T:109 you reached level 2 of The Dungeons of Doom. On T:259 you reached level 3 of The Dungeons of Doom. On T:354 you reached level 4 of The Dungeons of Doom. On T:417 you advanced to experience level 2. On T:519 you advanced to experience level 3. On T:592 you reached level 1 of The Gnomish Mines. On T:613 you reached level 5 of The Dungeons of Doom. On T:618 you reached level 6 of The Dungeons of Doom. On T:655 you advanced to experience level 4. On T:1239 you advanced to experience level 5. On T:1388 you advanced to experience level 6. On T:1585 you reached level 2 of The Gnomish Mines. On T:1994 you reached level 3 of The Gnomish Mines. On T:2153 you reached level 4 of The Gnomish Mines. On T:2199 you advanced to experience level 7. On T:2335 you entered the Minetown temple On T:2343 you opened a magic chest. On T:3307 you advanced to experience level 8. On T:3392 you reached level 5 of The Gnomish Mines. On T:3593 you reached level 6 of The Gnomish Mines. Score breakdown: Gold: 263 ( 26 points) Experience: 8 levels ( 700 points) Exploration: 10 levels ( 270 points) Discoveries: 34 items ( 1700 points) Variety of kills: 56 monsters ( 2000 points) Major goal: reached Minetown ( 500 points) Survival: died (score multiplied by 3) Total score: 15588 Latest messages: You see here an uncursed arrow. You have a little trouble lifting F - an uncursed arrow (in quiver). You see here an uncursed arrow. You have a little trouble lifting F - an uncursed arrow (in quiver). You are carrying too much to get through. The gnome strikes at your displaced image and misses you! You kill the gnome! You hear crashing rock. Please move the cursor to an unknown object. Never mind. Please move the cursor to an unknown object. Never mind. You miss the jabberwock. (2x) The jabberwock bites! (2x) The jabberwock claws you! (2x) As you read the scroll, it disappears. This is an identify scroll. J - an uncursed wand of nothing (0:5). The jabberwock bites! You die... Final status: Sayonara Minoru the Samurai, killed by a jabberwock... You died in The Gnomish Mines on dungeon level 10 with 15588 points, and 263 pieces of gold, after 4521 moves. You were level 8 with a maximum of 89 hit points when you died.